 Dungeon Crawl Stone Soup version 0.31-a0-859-g9dce7d3444 (webtiles) character file.

Game seed: 5836376558685205468

1546 CowFu the Spear-Bearer (level 8, -8/85 (96) HPs)
             Began as a Minotaur Fighter on Oct 9, 2023.
             Mangled by a wight
             ... wielding a +0 halberd
              (11 damage)
             ... on level 6 of the Dungeon.
             The game lasted 00:06:34 (3520 turns).

CowFu the Spear-Bearer (Minotaur Fighter)           Turns: 3520, Time: 00:06:34

HP:   -8/85 (96)    AC: 24    Str: 23    XL:     8   Next: 57%
MP:   16/16         EV:  2    Int: 11    God:
Gold: 264           SH:  4    Dex: 10    Spells: 7/7 levels left

rFire   + . .        u - +3 spear
rCold   + . .        c - +0 buckler
rNeg    . . .        z - melded +0 chain mail
rPois   +            (helmet currently unavailable)
rElec   +            (cloak currently unavailable)
rCorr   +            (gloves currently unavailable)
SInv    .            (boots currently unavailable)
Will    +....        s - amulet of regeneration
Stlth   +            i - +6 ring of intelligence
HPRegen 1.14/turn    d - ring of magical power
MPRegen 0.15/turn

%: no passive effects
@: tree-form, resistant, enlightened, heavily drained
A: stationary, stasis, torment immunity, boosted hp, (horns 2), (retaliatory
headbutt)
a: no special abilities


You were on level 6 of the Dungeon.
You were a tree.
You visited 1 branch of the dungeon, and saw 6 of its levels.

You collected 264 gold pieces.

Inventory:

Hand Weapons
 a - a +0 trident
 u - a +3 spear (weapon)
Armour
 c - a +0 buckler (worn)
 z - a +0 chain mail (melded)
Jewellery
 d - a ring of magical power (right branch)
 i - a +6 ring of intelligence (left branch)
 n - a ring of magical power
 s - an amulet of regeneration (around neck)
 y - a +5 ring of evasion
Wands
 k - a wand of mindburst (11)
 o - a wand of quicksilver (8)
Scrolls
 e - 2 scrolls of summoning {unknown}
 f - a scroll of teleportation {unknown}
 g - 2 scrolls of enchant armour {unknown}
 j - a scroll of vulnerability {unknown}
 l - 3 scrolls of identify {unknown}
 m - 2 scrolls of revelation {unknown}
 p - a scroll of enchant weapon {unknown}
 v - a scroll of noise {unknown}
 w - a scroll of silence {unknown}
 x - a scroll of blinking {unknown}


   Skills:
 - Level 3.6 Fighting
 + Level 13.0 Polearms
 - Level 3.6 Armour
 - Level 3.6 Shields


You had 7 spell levels left.
You didn't know any spells.
Your spell library contained the following spells:

 Spells                   Type           Power      Damage    Failure   Level
 Kiss of Death            Conj/Necr      0%         2d5       38%         1
 Confusing Touch          Hex            0%         N/A       77%         3
 Dispel Undead            Necr           0%         3d6       99%         4


Dungeon Overview and Level Annotations

Branches:
Dungeon (6/15)
 Temple: D:4-7

Altars:
Vehumet

Shops:
D:1 (((!   D:6 :


Innate Abilities, Weirdness & Mutations

You are a tree.
Your roots penetrate the ground, keeping you stationary.
You cannot be teleported.
You are immune to unholy pain and torment.
Your maximum health is greatly increased.
Your equipment is partially melded.
((You have a pair of horns on your head.))
((You reflexively headbutt those who attack you in melee.))


Message History

The wight hits you from afar with a +4 trident of freezing.
* * * LOW HITPOINT WARNING * * *
You feel drained.
* * * LOW HITPOINT WARNING * * *
The wight hits you but does no damage.
It was a potion of enlightenment.
Your roots keep you in place.
The wight throws a stone.
The stone hits you.
* * * LOW HITPOINT WARNING * * *
The wight hits you from afar with a +0 halberd!
* * * LOW HITPOINT WARNING * * *
You feel drained.
* * * LOW HITPOINT WARNING * * *
Reach: u) +3 spear
Press: ? - help, Dir - move target, f - wight
Aim: a wight, wielding a +4 trident of freezing, wearing a +0 robe and quivering stones (about 31% to evade your +3 spear)
You reach to attack!
You puncture the wight!
The wight is heavily damaged.
Reach: u) +3 spear
Press: ? - help, Dir - move target, f/p - wight
Aim: a wight, wielding a +4 trident of freezing, wearing a +0 robe and quivering stones (heavily damaged, about 31% to evade your +3 spear)
You reach to attack!
You hit the wight but do no damage.
The wight is heavily damaged.
The wight hits you but does no damage.
The wight hits you from afar with a +0 halberd!
* * * LOW HITPOINT WARNING * * *
You feel drained.
* * * LOW HITPOINT WARNING * * *
Reach: u) +3 spear
Press: ? - help, Dir - move target, f/p - wight
Aim: a wight, wielding a +4 trident of freezing, wearing a +0 robe and quivering stones (heavily damaged, about 31% to evade your +3 spear)
You reach to attack!
You barely miss the wight.
The wight is heavily damaged.
Reach: u) +3 spear
Press: ? - help, Dir - move target, f/p - wight
Aim: a wight, wielding a +4 trident of freezing, wearing a +0 robe and quivering stones (heavily damaged, about 31% to evade your +3 spear)
You reach to attack!
You hit the wight.
The wight is severely damaged.
The wight throws a stone.
The stone hits you but does no damage.
The wight hits you from afar with a +0 halberd!
You die...

##...†.##.........#
#.###........#....
... ##.......#....
.... #....∩....#
##.. ##.......##
#.. #..(....# #.
..##.......#
.........)..#
....####.♣..# ...##
###..# #.
#zz####..# .
##z........
##..).......
..######..##......#
..........# #....##
..........# ##.##
..###..#..# .#


You could see 3 wights.

Vanquished Creatures
  2 ice beasts
  A black bear (D:5)
  2 ogres
  A phantom (D:5)
  A gnoll sergeant (D:5)
  A scorpion (D:5)
  6 wights (D:6)
  2 hounds
  A gnoll bouda (D:5)
  2 orc priests (D:5)
  An iguana (D:6)
  4 orc wizards
  10 gnolls (D:5)
  5 adders
  A white imp (D:5)
  3 worms
  5 dart slugs
  29 orcs
  A ball python (D:1)
  8 bats
  7 endoplasms
  A giant cockroach (D:1)
  10 goblins
  7 hobgoblins
  16 jackals
  4 kobolds
  6 quokkas
  A frilled lizard (D:1)
  8 rats
146 creatures vanquished.

Notes
Turn   | Place    | Note
-------+----------+-------------------------------------------
     0 | D:1      | CowFu the Minotaur Fighter began the quest for the Orb.
     0 | D:1      | Reached XP level 1. HP: 19/19 MP: 0/0
    64 | D:1      | Reached skill level 3 in Polearms
    75 | D:1      | Reached XP level 2. HP: 25/26 MP: 1/1
   205 | D:1      | Found Toam Cam's Distillery.
   221 | D:1      | Reached skill level 4 in Polearms
   223 | D:1      | Found Codwoagges's Weapon Emporium.
   224 | D:1      | Noticed a +0 triple sword
   225 | D:1      | Noticed a +0 lajatang
   290 | D:1      | Reached XP level 3. HP: 31/31 MP: 2/2
   431 | D:1      | Found Jungoups's Antique Weapon Shoppe.
   442 | D:1      | Found Unaeclehi's Weapon Shop.
   776 | D:2      | Reached skill level 5 in Polearms
   890 | D:2      | Reached XP level 4. HP: 39/39 MP: 3/3
  1323 | D:3      | Reached skill level 6 in Polearms
  1547 | D:3      | Reached XP level 5. HP: 44/45 MP: 4/4
  1670 | D:3      | Noticed an ogre
  1676 | D:3      | Killed an ogre
  1677 | D:3      | Reached skill level 7 in Polearms
  1695 | D:3      | Found a radiant altar of Vehumet.
  1771 | D:3      | Identified the staff "Wuhos" {rElec Str+5 Air}
  1938 | D:4      | Reached XP level 6. HP: 51/51 MP: 5/5
  2286 | D:4      | Reached skill level 8 in Polearms
  2528 | D:5      | Entered Level 5 of the Dungeon
  2685 | D:5      | Noticed an ice beast
  2702 | D:5      | Killed an ice beast
  2703 | D:5      | Reached skill level 9 in Polearms
  2703 | D:5      | Reached XP level 7. HP: 40/57 MP: 6/6
  2946 | D:5      | Reached skill level 10 in Polearms
  3168 | D:5      | Reached skill level 11 in Polearms
  3230 | D:6      | Reached XP level 8. HP: 64/64 MP: 7/7
  3260 | D:5      | Identified the +1 leather armour of Pride {Drain rC++ Int-5
                  | Dex+9}
  3399 | D:6      | Reached skill level 12 in Polearms
  3438 | D:6      | Found Nilligio's Book Boutique.
  3510 | D:6      | Reached skill level 13 in Polearms
  3512 | D:6      | HP: 3/62 [wight/stone (7)]
  3518 | D:6      | HP: 2/85 [wight/+0 halberd (3)]
  3520 | D:6      | Mangled by a wight

Illustrated notes

Levels and vault maps discovered:
D:1:      sevenhm_arrival_forest_fort_small_3, layout_loops_ring, serial_shops,
          nicolae_shop_bloodbath_and_beyond, shop,
          nicolae_shop_pleasant_corner_grove, nicolae_shop_mannequins
D:2:      layout_rooms, minmay_statues_item
D:3:      layout_basic, nicolae_vehumet_radiance
D:4:      layout_loops_ring
D:5:      layout_rooms
D:6:      layout_layer_cave, minmay_temple_entry_glass, serial_shops,
          nicolae_shop_behind_doors, shop, shop

Skill      XL: |  1  2  3  4  5  6  7  8 |
---------------+-------------------------+-----
Polearms       | 3 4 5 6 7 9 11 13 | 13.0
Fighting       | |  3.6
Armour         | |  3.6
Shields        | |  3.6

Action                     |  1- 3 |  4- 6 |  7- 9 || total
---------------------------+-------+-------+-------++-------
  Melee: Trident           |   104 |   149 |    26 ||   279
         Headbutt          |    13 |    23 |    27 ||    63
         Spear             |       |       |   183 ||   183
    Use: Potion            |       |     1 |     4 ||     5
 Armour: Scale mail        |    51 |    67 |    69 ||   187
         Chain mail        |       |       |    30 ||    30
         Skin              |       |       |    10 ||    10
  Dodge: Dodged            |    40 |    35 |    53 ||   128
  Block: Buckler           |    18 |     7 |    26 ||    51

Table legend: (Time is in decaauts)
 A = Elapsed time spent in this place.
 B = Non-inter-level travel time spent in this place.
 C = Inter-level travel time spent in this place.
 D = Time resting spent in this place.
 E = Time spent auto-exploring this place.
 F = Levels seen in this place.
 G = Mean time per level.
                   A        B        C        D        E       F      G
               +--------+--------+--------+--------+--------+-----+--------+
         Total |   3449 |   3380 |     69 |      0 |   2511 |   6 |  574.8 |
       Dungeon |   3449 |   3380 |     69 |      0 |   2511 |   6 |  574.8 |
               +--------+--------+--------+--------+--------+-----+--------+

Top non-repeatable levels by time:
     D:3: 753 daAuts
     D:1: 719 daAuts
     D:4: 697 daAuts
     D:5: 669 daAuts
     D:2: 445 daAuts
     D:6: 165 daAuts
